 Dungeon Crawl Stone Soup version 0.26.0-45-g9c1d065592 (webtiles) character file.

Game seed: 9767045325347941065

12513 H0rd4k the Eclecticist (level 11, 0/54 HPs)
             Began as a Deep Elf Hedge Wizard on Jan 28, 2021.
             Was an Initiate of Gozag.
             Slain by a fire elemental (4 damage)
             ... in a volcano.
             The game lasted 00:41:00 (16763 turns).

H0rd4k the Eclecticist (Deep Elf Hedge Wizard)     Turns: 16763, Time: 00:41:01

Health: 0/54       AC: 15    Str:  7    XL:     11   Next: 63%
Magic:  15/33      EV: 15    Int: 23    God:    Gozag
Gold:   332        SH:  0    Dex: 14    Spells: 21/43 levels left

rFire    + . .     SeeInvis .   a - +0 dagger
rCold    . . .     Faith    .   (no shield)
rNeg     . . .     Spirit   .   J - +2 robe {rF+}
rPois    .         Reflect  .   e - +1 hat
rElec    .         Harm     .   (no cloak)
rCorr    .         Rampage  .   f - +2 pair of gloves
Will     +....                  K - +2 pair of boots
Stlth    +++.......             (no amulet)
HPRegen  0.18/turn              k - ring of wizardry
MPRegen  0.23/turn              C - +4 ring of protection

@: no status effects
A: no striking features
a: Renounce Religion, Potion Petition, Call Merchant, Bribe Branch


You were in a volcano.
You worshipped Gozag.
Gozag was aware of your devotion.
You visited 3 branches of the dungeon, and saw 13 of its levels.
You also visited: Volcano.

You collected 2045 gold pieces.
You paid 1713 gold pieces to Gozag.

Inventory:

Hand Weapons
 a - a +0 dagger (weapon)
Armour
 e - a +1 hat (worn)
 f - a +2 pair of gloves (worn)
 J - a +2 robe of fire resistance (worn)
 K - a +2 pair of boots (worn)
Jewellery
 k - a ring of wizardry (left hand)
 l - an uncursed ring of fire
 C - a +4 ring of protection (right hand)
Wands
 p - a wand of digging (6)
 u - a wand of random effects (10)
 x - a wand of paralysis (9)
 B - a wand of enslavement (4)
 I - a wand of disintegration (33)
 N - a wand of polymorph (10)
Scrolls
 d - a scroll of magic mapping
 h - a scroll of fog
 j - 4 scrolls of teleportation
 v - 2 scrolls of remove curse
 z - a scroll of amnesia
 E - 3 scrolls of enchant armour {unknown}
 M - 2 scrolls of identify
 O - a scroll of enchant weapon {unknown}
Potions
 g - 2 potions of resistance
 i - 2 potions of curing
 n - 3 potions of lignification
 r - 2 potions of haste
 s - 14 potions of degeneration
 D - a potion of flight {unknown}
 F - a potion of brilliance {unknown}
 G - a potion of magic
 H - a potion of mutation {unknown}


   Skills:
 + Level 5.3 Dodging
 + Level 4.2 Stealth
 + Level 16.5 Spellcasting
 + Level 9.7 Conjurations
 + Level 1.1 Summonings
 + Level 7.4 Translocations
 + Level 3.4 Fire Magic
 + Level 0.2 Ice Magic
 + Level 2.1 Air Magic
 + Level 3.2 Poison Magic
 + Level 1.2 Evocations


You had 21 spell levels left.
You knew the following spells:

 Your Spells              Type           Power        Failure   Level
a - Magic Dart            Conj           100%         1%          1
b - Blink                 Tloc           N/A          1%          2
c - Conjure Flame         Conj/Fire      49%          1%          3
d - Mephitic Cloud        Conj/Pois/Air  42%          1%          3
e - Gell's Gravitas       Tloc           26%          1%          3
f - Ozocubu's Armour      Ice            20%          3%          3
g - Lightning Bolt        Conj/Air       23%          2%          5
h - Swiftness             Air            28%          1%          2

Your spell library contained the following spells:

 Spells                   Type           Power        Failure   Level
 Freeze                   Ice            80%          1%          1
 Shock                    Conj/Air       100%         1%          1
 Call Imp                 Summ           24%          1%          2
 Slow                     Hex            19%          1%          2
 Static Discharge         Conj/Air       46%          1%          3
 Hailstorm                Conj/Ice       42%          1%          4
 Confusing Touch          Hex            19%          3%          3
 Frozen Ramparts          Ice            40%          3%          3
 Airstrike                Air            14%          4%          4
 Summon Ice Beast         Ice/Summ       22%          9%          4
 Petrify                  Tmut/Erth      19%          12%         4
 Metabolic Englaciation   Hex/Ice        9%           28%         5
 Yara's Violent Unravell  Hex/Tmut       9%           32%         5


Dungeon Overview and Level Annotations

Branches:
Dungeon (11/15)            Temple (1/1) D:4            Lair (1/6) D:9
    Orc (0/2) D:9         Volcano (1/1)

Altars:
Ashenzari
Cheibriados
Dithmenos
Elyvilon
Fedhas
Gozag
Hepliaklqana
Kikubaaqudgha
Makhleb
Nemelex Xobeh
Okawaru
Qazlal
Ru
Sif Muna
Trog
Uskayaw
Vehumet
Wu Jian
Xom
Yredelemnul
Zin
The Shining One

Shops:
D:5 =   D:7 ?   D:8 }   D:9 }=

Annotations:
D:9 exclusion: downstairs


Message History

The molten gargoyle resists with almost no effort.
The molten gargoyle blasts magma at you!
The bolt of magma hits you! You partially resist.
Okay, then.
Unknown command.
Evoke which item? (* to show all) (? for menu, Esc to quit)
Okay, then.
Unknown command.
The molten gargoyle closely misses you.
Casting: Lightning Bolt (dangerous; 2% risk of failure)
Confirm with . or Enter, or press ? or * to list all spells.
You blink.
The fire elemental hits you. The fire elemental burns you! You resist.
* * * LOW HITPOINT WARNING * * *
The molten gargoyle blasts magma at you!
The bolt of magma hits you! You partially resist.
* * * LOW HITPOINT WARNING * * *
The fire elemental hits you. The fire elemental burns you! You resist.
You die...
Your body crumbles into a pile of gold.

# #' #.#
##☼≈##.##
##.≈☼≈##9##
##.≈≈≈≈☼##.##
.≈≈≈≈☼≈##9.#
°.≈≈≈☼#...#
.§v≈##E@##
##'###9###
##°.#○#°.##
##...v○9○..###
#...∩☼..∩§...#
#....≈§§§..###
##☼≈≈≈§§≈☼§#
##☼☼≈≈§☼☼##
#########


You could see a fire elemental, 3 molten gargoyles and a fire vortex.

Vanquished Creatures
  A hydra (Lair:1)
  Erica (D:10)
  2 two-headed ogres
  A deep troll earth mage (D:10)
  An unseen horror (D:10)
  An ugly thing (D:7)
  Psyche (D:9)
  A cane toad (Lair:1)
  Maggie (D:10)
  A komodo dragon (Lair:1)
  A troll (D:9)
  A hornet (D:10)
  A wyvern (D:10)
  A vampire (D:10)
  15 yaks
  Menkaure (D:7)
  A swamp drake (D:9)
  3 ice beasts
  A black bear (D:7)
  6 orc warriors
  4 phantoms
  5 centaurs
  2 ogres
  A big kobold (D:9)
  2 bullfrogs
  4 scorpions
  12 killer bees
  7 wights (D:8)
  A bullfrog zombie (D:10)
  A jelly (D:9)
  Crazy Yiuf (D:2)
  5 hounds
  6 orc priests
  8 orc wizards
  A bullfrog skeleton (D:11)
  A centaur skeleton (D:8)
  2 iguanas
  5 worker ants
  3 hound zombies
  2 worker ant zombies
  A howler monkey zombie (D:7)
  4 gnolls (D:3)
  A howler monkey skeleton (D:7)
  8 adders
  A hound simulacrum (D:10)
  A shadow imp (D:7)
  4 white imps
  An ufetubus (D:8)
  An ooze (D:3)
  An adder zombie (D:7)
  An adder skeleton (D:4)
  2 worms
  A dart slug (D:4)
  6 leopard geckos
  38 orcs
  4 ball pythons
  5 giant cockroaches
  9 goblins
  5 hobgoblins
  10 jackals
  4 quokkas
  3 bats
  4 frilled lizards
  8 kobolds
  A quokka skeleton (D:3)
  10 rats
249 creatures vanquished.

Vanquished Creatures (collateral kills)
  A centaur (D:8)
  2 scorpions (D:7)
  A hound (D:7)
  A worker ant (D:7)
  A jackal (D:7)
6 creatures vanquished.

Vanquished Creatures (others)
  An orc wizard (D:8)
  A quokka (D:4)
2 creatures vanquished.

Grand Total: 257 creatures vanquished

Notes
Turn   | Place    | Note
-------+----------+-------------------------------------------
     0 | D:1      | H0rd4k the Deep Elf Hedge Wizard began the quest for the
                  | Orb.
     0 | D:1      | Reached XP level 1. HP: 10/10 MP: 7/7
   111 | D:1      | Reached skill level 5 in Spellcasting
   448 | D:1      | Reached XP level 2. HP: 15/15 MP: 8/10
  1312 | D:2      | Reached XP level 3. HP: 17/19 MP: 4/12
  1315 | D:2      | Learned a level 2 spell: Blink
  1319 | D:2      | Learned a level 3 spell: Conjure Flame
  1323 | D:2      | Learned a level 3 spell: Mephitic Cloud
  2085 | D:2      | Found a faded altar of an unknown god.
  2139 | D:2      | Found a runed translucent door.
  2140 | D:2      | Noticed Crazy Yiuf
  2197 | D:3      | Found a shimmering blue altar of Sif Muna.
  2528 | D:3      | Reached XP level 4. HP: 24/24 MP: 6/13
  2650 | D:3      | Reached skill level 6 in Spellcasting
  2809 | D:3      | Reached skill level 1 in Fire Magic
  2809 | D:3      | Reached skill level 1 in Poison Magic
  3511 | D:3      | Learned a level 3 spell: Gell's Gravitas
  3539 | D:3      | Reached XP level 5. HP: 28/28 MP: 3/15
  3648 | D:3      | Reached skill level 1 in Air Magic
  4289 | D:4      | Reached skill level 7 in Spellcasting
  4289 | D:4      | Reached XP level 6. HP: 32/32 MP: 10/18
  4361 | D:4      | Found a white marble altar of Elyvilon.
  5098 | D:4      | Found a staircase to the Ecumenical Temple.
  5229 | Temple   | Entered the Ecumenical Temple
  5407 | Temple   | Became a worshipper of Gozag Ym Sagoz the Greedy
  5456 | D:5      | Entered Level 5 of the Dungeon
  5561 | D:5      | Noticed an ice beast
  5579 | D:5      | Killed an ice beast
  5580 | D:5      | Reached skill level 8 in Spellcasting
  5580 | D:5      | Reached XP level 7. HP: 36/36 MP: 2/20
  5780 | D:5      | Found an iron altar of Okawaru.
  6068 | D:5      | Got a glimmering rapier
  6428 | D:5      | Found Xuemiyq's Jewellery Shoppe.
  6455 | D:5      | Identified the cursed +1 rapier "Ogreslayer" {venom, rElec
                  | rN+} (You found it on level 5 of the Dungeon)
  6482 | D:6      | Reached skill level 5 in Conjurations
  6543 | D:6      | Found a snail-covered altar of Cheibriados.
  7384 | D:7      | Reached skill level 9 in Spellcasting
  7384 | D:7      | Reached XP level 8. HP: 7/41 MP: 15/23
  7660 | D:7      | Noticed Menkaure
  7725 | D:7      | Killed Menkaure
  7983 | D:7      | Found an ornate altar of the Wu Jian Council.
  8178 | D:7      | Noticed a brown ugly thing
  8221 | D:7      | Reached skill level 10 in Spellcasting
  8382 | D:7      | Found Teos's Magic Scroll Emporium.
  8534 | D:7      | Killed a brown ugly thing
  8535 | D:7      | Reached XP level 9. HP: 17/45 MP: 11/25
  8536 | D:7      | Reached skill level 11 in Spellcasting
  8870 | D:7      | Found a sacrificial altar of Ru.
 10038 | D:7      | Reached skill level 12 in Spellcasting
 10184 | D:8      | Found Fames's Gadget Emporium.
 10336 | D:9      | Noticed Psyche
 10597 | D:9      | Killed Psyche
 11043 | D:9      | Noticed a troll
 11090 | D:9      | Killed a troll
 11091 | D:9      | Reached XP level 10. HP: 50/50 MP: 7/28
 11511 | D:9      | Reached skill level 13 in Spellcasting
 11557 | D:9      | Got a polished spear
 11702 | D:9      | Noticed a two-headed ogre
 11720 | D:9      | Killed a two-headed ogre
 11721 | D:9      | Reached skill level 5 in Translocations
 12022 | D:9      | Found a staircase to the Orcish Mines.
 12130 | D:9      | Found a staircase to the Lair.
 12417 | D:9      | Learned a level 3 spell: Ozocubu's Armour
 12458 | D:10     | Entered Level 10 of the Dungeon
 12485 | D:10     | Reached skill level 14 in Spellcasting
 12927 | D:10     | Noticed Erica
 12935 | D:10     | Found a burning altar of Makhleb.
 13398 | D:10     | Noticed Maggie
 13437 | D:10     | Killed Maggie
 13568 | D:10     | Noticed a deep troll earth mage
 13568 | D:10     | Noticed a two-headed ogre
 13573 | D:10     | Found a broken altar of Ashenzari.
 13586 | D:10     | Found a blossoming altar of Fedhas.
 13765 | D:10     | Reached skill level 15 in Spellcasting
 13903 | D:10     | Reached XP level 11. HP: 44/54 MP: 14/32
 14256 | D:10     | Killed Erica
 14257 | D:10     | Reached skill level 5 in Dodging
 14531 | D:10     | You fall into a shaft and drop 1 floor!
 14634 | D:11     | Noticed a purple ugly thing
 14859 | D:10     | Killed an unseen horror
 15032 | D:10     | Killed a deep troll earth mage
 15147 | D:10     | Reached skill level 16 in Spellcasting
 15394 | D:10     | Got an iridescent whip
 15493 | D:10     | Reached skill level 1 in Evocations
 15630 | D:10     | Killed a two-headed ogre
 15971 | D:2      | Killed Crazy Yiuf
 16299 | D:9      | Identified the +6 whip of Xuall {flame, *Noise rC+ Int+2}
                  | (You found it on level 10 of the Dungeon)
 16301 | D:9      | Identified the +4 spear of the Smoking Fox {venom, *Slow
                  | rPois Dex+6} (You found it on level 9 of the Dungeon)
 16394 | Lair:1   | Entered Level 1 of the Lair of Beasts
 16545 | Lair:1   | Found a dark tunnel.
 16557 | Lair:1   | Learned a level 5 spell: Lightning Bolt
 16557 | Lair:1   | Noticed a six-headed hydra
 16560 | Lair:1   | Learned a level 2 spell: Swiftness
 16575 | Lair:1   | Killed a six-headed hydra
 16588 | Volcano  | Entered a volcano
 16763 | Volcano  | Slain by a fire elemental

Illustrated notes

Levels and vault maps discovered:
D:1:      eino_arrival_tree_alley, layout_rooms
D:2:      layout_loops_ring, chequers_ecumenical_altar_grove,
          uniq_crazy_yiuf_cottage
D:3:      layout_loops_corners, general_overflow_altar, minmay_close_crescents
D:4:      layout_basic, elyvilon_altar_4, minmay_temple_entry_hall
D:5:      layout_gridville, kennysheep_mini_moat, serial_shops, shop,
          chequers_hall_statues_corner_a, kennysheep_nondescript
D:6:      layout_basic, kennysheep_mini
D:7:      cheibrodos_barr_body, layout_rooms, pdpol_wu_jian_five_deadly_venoms,
          lemuel_round_altar, serial_shops, shop, uniq_menkaure
D:8:      layout_basic, serial_shops, shop
D:9:      layout_loops_ring, lair_entry_dummy, erik_orc_1, uniq_psyche
D:10:     nicolae_whirlpool, layout_irregular_city, basic_altar,
          jmf_multi_god_temple, uniq_erica, uniq_maggie
D:11:     layout_loops_ring, hangedman_glass_teeth
Temple:   eino_temple_scatter_basement
Lair:1:   layout_gridlike, enter_volcano_2
Volcano:  volcano_aerie

Skill      XL: |  1  2  3  4  5  6  7  8  9 10 11 |
---------------+----------------------------------+-----
Spellcasting   | 5 6 7 8 9 10 12 15 16 | 16.5
Conjurations   | 2 3 4 6 7 8 9 |  9.7
Fire Magic     | 1 2 3 |  3.4
Poison Magic   | 1 2 3 |  3.2
Air Magic      | 1 2 |  2.1
Stealth        | 3 4 |  4.2
Dodging        | 3 4 5 |  5.3
Translocations | 2 4 6 7 |  7.4
Evocations     | 1 |  1.2
Summonings     | |  1.1
Ice Magic      | |  0.2

Action                   |  1- 3 |  4- 6 |  7- 9 | 10-12 || total
-------------------------+-------+-------+-------+-------++-------
Melee: Dagger            |    16 |       |       |       ||    16
       Rapier            |       |       |     5 |     1 ||     6
 Cast: Magic Dart        |   112 |   175 |   258 |   185 ||   730
       Conjure Flame     |       |     8 |    31 |    49 ||    88
       Mephitic Cloud    |       |     7 |    16 |    19 ||    42
       Blink             |       |     2 |    15 |    22 ||    39
       Gell's Gravitas   |       |       |    27 |    79 ||   106
       Lightning Bolt    |       |       |       |     3 ||     3
       Ozocubu's Armour  |       |       |       |     3 ||     3
Invok: Call Merchant     |       |       |       |     2 ||     2
Evoke: Wand              |       |       |     3 |    17 ||    20
  Use: Scroll            |       |       |     6 |    11 ||    17
       Potion            |       |       |     1 |     1 ||     2
Armor: Robe              |     8 |     6 |    19 |    45 ||    78
       Skin              |       |       |     4 |       ||     4
Dodge: Dodged            |    44 |    24 |    75 |    88 ||   231
